 Dungeon Crawl Stone Soup version 0.27-a0-732-ga892ba84f6 (webtiles) character file.

Game seed: 12789665175493869846

291273 robertstho the Peltast (level 20, -1/136 HPs)
             Began as a Gargoyle Fighter on Mar 23, 2021.
             Was a High Priest of the Shining One.
             Killed from afar by Nikola (5 damage)
             ... with a chain lightning
             ... on level 1 of the Vaults.
             The game lasted 01:22:42 (43960 turns).

robertstho the Peltast (Gargoyle Fighter)          Turns: 43960, Time: 01:22:42

Health: -1/136     AC: 50    Str: 30    XL:     20   Next: 77%
Magic:  22/32      EV:  9    Int: 12    God:    the Shining One [*****.]
Gold:   2497       SH: 29    Dex: 13    Spells: 19/19 levels left

rFire    + . .     SeeInvis .   w - +10 morningstar "Eos" {elec, Halo rElec}
rCold    + . .     Faith    .   d - +0 tower shield
rNeg     + + +     Spirit   .   o - +3 plate armour "Bismoh" {rPois Will+ Str+3 Int+2}
rPois    ∞         Reflect  +   b - +2 helmet
rElec    +         Harm     .   a - scarf {rC+ rF+}
rCorr    .         Rampage  .   B - +0 pair of fencer's gloves {Riposte Dex+3}
Will     ++...                  k - +0 pair of boots
Stlth    ..........             V - amulet of reflection
HPRegen  0.32/turn              r - +4 ring of protection
MPRegen  0.23/turn              A - +4 ring of protection

@: marked, flying, glowing, studying Polearms
A: AC +15, big wings, negative energy resistance 1, electricity resistance,
torment resistance 1, unbreathing 1, petrification resistance
}: 2/15 runes: serpentine, barnacled
a: Stop Flying, Renounce Religion, Divine Shield, Cleansing Flame, Summon Divine
Warrior


You were on level 1 of the Vaults.
You worshipped the Shining One.
The Shining One was extremely pleased with you.
You visited 8 branches of the dungeon, and saw 35 of its levels.

You collected 3813 gold pieces.
You spent 1316 gold pieces at shops.

Inventory:

Hand Weapons
 w - the +10 morningstar "Eos" (weapon) {elec, Halo rElec}
   (You took it off a deep elf knight on level 3 of the Elven Halls)

   Occasionally, upon striking a foe, it can discharge electrical energy and
   cause terrible harm.
   It insulates you from electricity.
Armour
 a - a scarf of resistance (worn)
 b - a +2 helmet (worn)
 d - a +0 tower shield (worn)
 k - a +0 pair of boots (worn)
 o - the +3 plate armour "Bismoh" (worn) {rPois Will+ Str+3 Int+2}
   (You took it off a deep elf blademaster on level 3 of the Elven Halls)

   It affects your strength (+3).
   It affects your intelligence (+2).
   It protects you from poison.
   It affects your willpower, your defense against some magical effects.
 u - the +1 chain mail of Aruexeid {rElec rC+}
   (You bought it in a shop on level 2 of the Dungeon)

   It protects you from cold.
   It insulates you from electricity.
 v - the +0 plate armour of the Enchanted Forest {rElec rF+ MP+9}
   (You took it off a deep elf high priest on level 3 of the Elven Halls)

   It protects you from fire.
   It insulates you from electricity.
   It affects your magic capacity (+9).
 B - the +0 pair of fencer's gloves (worn) {Riposte Dex+3}
   (You acquired it on level 2 of the Snake Pit)

   It affects your dexterity (+3).
Jewellery
 q - a ring of protection from fire
 r - a +4 ring of protection (right hand)
 s - the ring of Xom's Capriciousness {rF+ Will+ Str-2 Int+3}
   (You found it on level 3 of the Elven Halls)

   [ring of willpower]

   It affects your strength (-2).
   It affects your intelligence (+3).
   It protects you from fire.
   It affects your willpower, your defense against some magical effects.
 y - a ring of protection from cold
 A - a +4 ring of protection (left hand)
 K - a +4 ring of slaying
 R - the ring of Oclay {Will++ rCorr Int+4 Dex+4}
   (You acquired it on level 2 of the Lair of Beasts)

   [ring of resist corrosion]

   It affects your intelligence (+4).
   It affects your dexterity (+4).
   It affects your willpower, your defense against some magical effects.
   It provides partial protection from all sources of acid and corrosion.
 T - a ring of protection from cold
 V - an amulet of reflection (around neck)
Wands
 p - a wand of paralysis (24)
 x - a wand of mindburst (26)
 C - a wand of digging (15)
 L - a wand of iceblast (25)
Scrolls
 c - 5 scrolls of identify
 j - 4 scrolls of silence
 l - 2 scrolls of blinking
 m - 8 scrolls of magic mapping
 n - 4 scrolls of enchant weapon
 t - 8 scrolls of teleportation
 D - 2 scrolls of brand weapon
 I - 7 scrolls of enchant armour
 M - 2 scrolls of holy word
 P - 2 scrolls of immolation
Potions
 f - a potion of might
 h - 3 potions of mutation
 i - a potion of cancellation
 z - 5 potions of ambrosia
 F - 5 potions of magic
 H - 3 potions of haste
 U - 2 potions of resistance
Miscellaneous
 E - a tin of tremorstones (2/2)


   Skills:
 * Level 17.6 Fighting
 + Level 17.4 Maces & Flails
 * Level 16.3 Armour
 + Level 5.7 Dodging
 - Level 0.8 Stealth
 + Level 19.3 Shields
 * Level 16.0 Invocations
 + Level 2.1 Evocations


You had 19 spell levels left.
You didn't know any spells.
Your spell library contained the following spells:

 Spells                   Type           Power      Damage    Failure   Level
 Animate Skeleton         Necr           0%         N/A       98%         1
 Apportation              Tloc           0%         N/A       98%         1
 Beastly Appendage        Tmut           0%         N/A       98%         1
 Corona                   Hex            0%         N/A       98%         1
 Freeze                   Ice            0%         1d3       98%         1
 Magic Dart               Conj           0%         1d3       98%         1
 Pain                     Necr           0%         1d4       98%         1
 Sandblast                Erth           0%         2d4       98%         1
 Summon Small Mammal      Summ           0%         N/A       98%         1
 Blink                    Tloc           N/A        N/A       99%         2
 Call Imp                 Summ           0%         N/A       99%         2
 Passwall                 Tmut/Erth      0%         N/A       99%         2
 Slow                     Hex            0%         N/A       99%         2
 Wereblood                Tmut           0%         N/A       99%         2
 Call Canine Familiar     Summ           0%         N/A       100%        3
 Conjure Flame            Conj/Fire      0%         6-21      100%        3
 Frozen Ramparts          Ice            0%         1d2       100%        3
 Gell's Gravitas          Tloc           0%         N/A       100%        3
 Lesser Beckoning         Tloc           0%         N/A       100%        3
 Mephitic Cloud           Conj/Pois/Air  0%         N/A       100%        3
 Ozocubu's Armour         Ice            0%         N/A       100%        3
 Portal Projectile        Hex/Tloc       0%         N/A       100%        3
 Spider Form              Tmut/Pois      0%         N/A       100%        3
 Stone Arrow              Conj/Erth      0%         3d7       100%        3
 Summon Guardian Golem    Hex/Summ       0%         N/A       100%        3
 Teleport Other           Tloc           0%         N/A       100%        3
 Vampiric Draining        Necr           0%         2d6       100%        3
 Animate Dead             Necr           0%         N/A       100%        4
 Cause Fear               Hex            0%         N/A       100%        4
 Hailstorm                Conj/Ice       0%         3d3       100%        4
 Ice Form                 Ice/Tmut       0%         N/A       100%        4
 Iskenderun's Mystic Bla  Conj/Tloc      0%         2d3       100%        4
 Manifold Assault         Tloc           0%         N/A       100%        4
 Petrify                  Tmut/Erth      0%         N/A       100%        4
 Summon Ice Beast         Ice/Summ       0%         N/A       100%        4
 Summon Lightning Spire   Summ/Air       0%         N/A       100%        4
 Agony                    Necr           0%         N/A       100%        5
 Blade Hands              Tmut           0%         N/A       100%        5
 Lee's Rapid Deconstruct  Erth           0%         3d5*      100%        5
 Silence                  Hex/Air        0%         N/A       100%        5
 Yara's Violent Unravell  Hex/Tmut       0%         3d3       100%        5
 Discord                  Hex            0%         N/A       100%        8


Dungeon Overview and Level Annotations

Branches:
Dungeon (14/15)            Temple (1/1) D:6            Lair (6/6) D:11
 Shoals (4/4) Lair:2        Snake (4/4) Lair:4        Slime (0/5) Lair:5
    Orc (2/2) D:12            Elf (3/3) Orc:2        Vaults (1/5) D:14

Altars:
Ashenzari
Cheibriados
Dithmenos
Elyvilon
Fedhas
Gozag
Hepliaklqana
Kikubaaqudgha
Makhleb
Nemelex Xobeh
Okawaru
Qazlal
Ru
Sif Muna
Trog
Uskayaw
Vehumet
Wu Jian
Xom
Yredelemnul
Zin
The Shining One
Beogh
Jiyva

Shops:
D:2 [   D:14 *   Orc:1 [   Orc:2 [[=?=   Snake:1 =::   Snake:4 *   Vaults:1 !

Portals:
Trove: D:10 (give +4 shadow dragon scales)

Annotations:
D:2 228 chain
D:3 2 transporters, Rennog's ghost, amateur DEAE
D:6 2 transporters
D:11 1 runed translucent door
Vaults:1 Nikola


Innate Abilities, Weirdness & Mutations

Your stone body is resilient. (AC +15)
You are immune to poison.
Your large and strong wings let you fly indefinitely.
You resist negative energy. (rN+)
You are resistant to electric shocks. (rElec)
You are resistant to unholy torment.
You can survive without breathing.
You are immune to petrification.


Message History

The lightning arc hits the dire elephant!!!
The lightning arc hits the lindwurm!!
The lindwurm dies!
The lightning arc hits you. You resist.
* * * LOW HITPOINT WARNING * * *
The lightning arc hits the ironbound thunderhulk!!
The orc warlord completely misses your daeva.
The ironbound thunderhulk hits you but does no damage.
You impale the ironbound thunderhulk!!
The ironbound thunderhulk is heavily wounded.
The vault sentinel unwields a +0 arbalest.
The vault sentinel wields a +0 war axe.
Your daeva blocks the vault sentinel's attack.
Your daeva hits the orc warlord with a +4 long sword of holy wrath!!
The orc warlord dies!
The dire elephant tramples your daeva!!!
Your daeva holds its ground!
The dire elephant trunk-slaps your daeva!
You bludgeon the ironbound thunderhulk!!
The ironbound thunderhulk is severely wounded.
You block the ironbound thunderhulk's attack.
A dire elephant comes into view.
Your daeva calls down the wrath of the Shining One upon the dire elephant.
The dire elephant is smitten.
The vault sentinel unwields a +0 war axe.
The vault sentinel wields a +0 arbalest.
The vault sentinel shoots a bolt.
The bolt hits your daeva but does no damage.
Nikola casts a spell.
You hear a mighty clap of thunder!
The lightning arc hits the dire elephant!!
The lightning arc hits you! You resist.
* * * LOW HITPOINT WARNING * * *
The lightning arc hits the dire elephant!!
The dire elephant dies!
The lightning arc hits you. You resist.
* * * LOW HITPOINT WARNING * * *
The lightning arc hits the ironbound thunderhulk!
The lightning arc hits you. You resist.
You die...

#......#.....#
#......#Y....#
..
#......#.....#
...
#.....#####'####
#..@..#.........
#.....#..)......
#....†#.........
#.....#)))......
#...@.A)))......
#....O#p.)......
#.....##########
#.....# #.....#
#.....+ #.....#
.......#
........+


You could see Nikola, a dire elephant, an ironbound thunderhulk, a vault
sentinel (catching breath) and a friendly daeva (summoned).

Vanquished Creatures
  Bai Suzhen (Shoals:4)
  2 deep elf master archers (Elf:3)
  5 deep elf blademasters
  2 krakens
  Frances (Elf:1)
  Agnes (Snake:1)
  Roxanne (Snake:3)
  A tengu reaver (D:14)
  7 nagarajas
  Aizul (Snake:4)
  6 deep elf sorcerers (Elf:3)
  An orc warlord (Vaults:1)
  5 deep elf elementalists
  A stone giant (Orc:1)
  7 deep elf demonologists
  7 deep elf annihilators
  A dire elephant (Lair:6)
  5 merfolk javelineers
  10 deep elf death magi
  4 merfolk impalers (Shoals:4)
  5 deep elf high priests
  A salamander tyrant (Snake:2)
  Josephine (D:10)
  A fire dragon (Lair:4)
  A yaktaur captain (Vaults:1)
  10 naga warriors
  Fannar (D:10)
  3 catoblepae
  4 boulder beetles
  6 hydras
  A centaur warrior (D:14)
  2 ogre magi (Orc:2)
  2 merfolk avatars
  8 anacondas
  Erica (D:8)
  A satyr (Shoals:4)
  A deep troll shaman (Lair:6)
  20 dancing weapons
  6 merfolk aquamancers
  3 orc high priests
  Urug (D:13)
  A tengu warrior (D:14)
  14 death yaks
  8 two-headed ogres
  16 naga sharpshooters
  3 ironbound beastmasters (Vaults:1)
  16 deep elf knights
  5 shock serpents
  Nergalle (Orc:2)
  9 sea snakes
  A deep troll (D:14)
  9 naga ritualists
  2 unseen horrors
  A kraken simulacrum (Shoals:4)
  An ironbound convoker (Vaults:1)
  21 harpies
  2 lindwurms
  10 deep elf archers
  A harpy (shapeshifter) (Elf:3)
  3 wizards
  28 deep elf zephyrmancers
  20 deep elf pyromancers
  4 mana vipers
  4 orc knights
  6 ugly things
  4 oklob plants (Lair:4)
  4 cyclopes
  11 orc sorcerers
  6 slime creatures
  11 manticores
  2 moths of wrath (Orc:1)
  10 salamanders
  3 elephants (Lair:6)
  Maurice (D:10)
  8 merfolk sirens
  Joseph (D:10)
  11 fauns
  7 water nymphs
  20 naga magi
  2 vault sentinels (Vaults:1)
  28 black mambas
  5 guardian serpents
  3 gargoyles
  14 cane toads
  A centaur skeleton (D:14)
  A torpor snail (Lair:4)
  9 komodo dragons
  2 rime drakes
  6 yaktaurs
  A kobold demonologist (D:14)
  A tengu conjurer (D:14)
  A silent spectre (Orc:1)
  34 merfolk
  5 polar bears
  11 trolls
  8 blink frogs
  7 wind drakes
  11 snapping turtles
  2 air elementals
  A shadow (D:14)
  15 water elementals
  38 yaks
  6 wraiths
  2 wyverns
  Eustachio (D:6)
  3 vampires
  2 basilisks
  4 fire elementals
  A steam dragon (Lair:2)
  2 wargs (Orc:1)
  39 nagas
  An acid dragon (D:14)
  A water moccasin (shapeshifter) (D:14)
  15 water moccasins
  3 black bears
  3 ice beasts
  6 sky beasts
  19 orc warriors
  20 wolves
  17 ogres
  8 necrophages
  13 centaurs
  2 phantoms (D:9)
  6 kobold brigands
  4 earth elementals
  10 bullfrogs
  7 scorpions
  A wyvern skeleton (D:14)
  7 killer bees
  10 wights
  5 howler monkeys
  6 electric eels
  2 bullfrog zombies
  3 centaur zombies
  6 hounds
  4 jellies
  2 quasits
  11 orc priests
  2 human zombies (D:10)
  2 human skeletons (D:10)
  4 iguanas
  36 orc wizards
  8 worker ants
  A hound skeleton (D:4)
  2 mummies (D:10)
  3 gnolls
  A howler monkey skeleton (D:4)
  10 adders
  2 shadow imps
  3 white imps
  An ufetubus (D:9)
  An adder skeleton (D:5)
  An adder zombie (D:9)
  3 worms (D:3)
  2 dart slugs
  69 orcs
  9 giant cockroaches
  7 goblins
  5 hobgoblins
  11 jackals
  19 kobolds
  7 oozes
  10 quokkas
  7 ball pythons
  9 bats
  A frilled lizard (D:1)
  A giant cockroach zombie (D:5)
  An orc zombie (D:10)
  2 quokka zombies
  A rat (D:1)
  A plant (Lair:5)
  4 tentacles
1137 creatures vanquished.

Vanquished Creatures (collateral kills)
  An orc warlord (Vaults:1)
  A deep elf elementalist (Elf:3)
  2 deep elf demonologists (Elf:3)
  A merfolk impaler (Shoals:4)
  2 merfolk javelineers
  A merfolk aquamancer (Shoals:3)
  A dancing weapon (Elf:2)
  A shock serpent (Snake:4)
  A sea snake (Shoals:4)
  A deep elf archer (Elf:2)
  2 deep elf pyromancers (Elf:2)
  A cyclops (Shoals:3)
  2 deep elf zephyrmancers (Elf:2)
  2 manticores (Shoals:3)
  A salamander (Snake:4)
  A naga mage (Snake:4)
  6 merfolk
  2 wind drakes (Shoals:3)
  2 dream sheep (Shoals:3)
  3 water elementals (Shoals:3)
  2 nagas (Snake:4)
36 creatures vanquished.

Vanquished Creatures (others)
  A dire elephant (Vaults:1)
  A merfolk aquamancer (Shoals:4)
  A lindwurm (Vaults:1)
  2 orc knights (Vaults:1)
  3 deep elf pyromancers
  A necromancer (Vaults:1)
  A merfolk siren (Shoals:4)
  A black mamba (Snake:3)
  A yaktaur (Vaults:1)
  A merfolk (Shoals:4)
  A wyvern zombie (D:13)
  An orc priest (Orc:2)
  A worker ant (D:14)
  2 orc wizards (Orc:2)
  A kobold (D:14)
  10 fungi
  76 plants
  10 tentacles
  5 toadstools (D:1)
120 creatures vanquished.

Grand Total: 1293 creatures vanquished

Notes
Turn   | Place    | Note
-------+----------+-------------------------------------------
     0 | D:1      | robertstho the Gargoyle Fighter began the quest for the
                  | Orb.
     0 | D:1      | Reached XP level 1. HP: 14/14 MP: 1/1
   146 | D:1      | Reached XP level 2. HP: 9/19 MP: 2/2
   562 | D:1      | Reached XP level 3. HP: 20/23 MP: 3/3
   928 | D:1      | Reached skill level 4 in Shields
  1042 | D:2      | Identified a scroll of acquirement
  1042 | D:2      | Acquired a manual of Maces & Flails
  1088 | D:2      | Found Kiveubb's Antique Armour Emporium.
  1674 | D:3      | Reached XP level 4. HP: 7/29 MP: 4/4
  2140 | D:3      | Found a transporter.
  2140 | D:3      | Noticed Rennog's ghost (amateur DEAE)
  2199 | D:3      | Found a transporter.
  2509 | D:4      | Reached XP level 5. HP: 25/33 MP: 5/5
  3141 | D:4      | Reached skill level 5 in Maces & Flails
  3141 | D:4      | Reached XP level 6. HP: 34/38 MP: 6/6
  3207 | D:4      | Reached skill level 1 in Dodging
  3652 | D:5      | Entered Level 5 of the Dungeon
  3727 | D:5      | Reached skill level 5 in Shields
  4013 | D:5      | Noticed a sky beast
  4031 | D:5      | Killed a sky beast
  4032 | D:5      | Reached XP level 7. HP: 38/43 MP: 7/7
  4428 | D:5      | Acquired a +0 morningstar of protection
  4529 | D:5      | Reached skill level 5 in Armour
  4811 | D:6      | Reached skill level 6 in Shields
  4818 | D:6      | Reached XP level 8. HP: 40/48 MP: 8/8
  5294 | D:6      | Reached skill level 5 in Fighting
  5600 | D:6      | Found a transporter.
  5686 | D:6      | Found a transporter.
  5688 | D:6      | Found a staircase to the Ecumenical Temple.
  5703 | D:6      | Found a burning altar of Makhleb.
  5762 | Temple   | Entered the Ecumenical Temple
  5825 | Temple   | Became a worshipper of the Shining One
  6014 | D:2      | Bought a scorched chain mail for 228 gold pieces
  6014 | D:2      | Identified the +1 chain mail of Aruexeid {rElec rC+} (You
                  | bought it in a shop on level 2 of the Dungeon)
  6024 | D:2      | Bought a cloak for 108 gold pieces
  6124 | D:6      | Noticed Eustachio
  6160 | D:6      | Killed Eustachio
  6161 | D:6      | Reached skill level 1 in Invocations
  6718 | D:7      | Identified the +1 ring mail of Xokluirch {rElec SInv}
  6922 | D:7      | Reached skill level 7 in Shields
  7335 | D:8      | Noticed Erica
  7363 | D:8      | Killed Erica
  7364 | D:8      | Reached XP level 9. HP: 17/55 MP: 9/11
  7579 | D:8      | Noticed a two-headed ogre
  7596 | D:8      | Killed a two-headed ogre
  7982 | D:8      | Reached skill level 10 in Maces & Flails
  8261 | D:8      | Reached * piety under the Shining One
  8262 | D:8      | Reached XP level 10. HP: 10/61 MP: 12/12
  8581 | D:9      | Reached skill level 8 in Shields
  8675 | D:9      | Noticed a two-headed ogre
  8684 | D:9      | Killed a two-headed ogre
  8835 | D:9      | Found a sparkling altar of Nemelex Xobeh.
  8974 | D:9      | Reached ** piety under the Shining One
  9261 | D:10     | Entered Level 10 of the Dungeon
  9282 | D:10     | Found a portal to a secret trove of treasure.
  9390 | D:10     | Noticed Maurice
  9409 | D:10     | Killed Maurice
  9410 | D:10     | Reached skill level 5 in Invocations
  9527 | D:10     | Noticed Josephine
  9542 | D:10     | Killed Josephine
  9543 | D:10     | Reached skill level 9 in Shields
  9543 | D:10     | Reached XP level 11. HP: 60/68 MP: 13/15
  9647 | D:10     | Noticed Joseph
  9667 | D:10     | Killed Joseph
  9862 | D:10     | Noticed a red ugly thing
  9872 | D:10     | Killed a red ugly thing
  9950 | D:10     | Noticed Fannar
  9973 | D:10     | Killed Fannar
  9974 | D:10     | Reached skill level 1 in Evocations
 10244 | D:10     | Reached *** piety under the Shining One
 10247 | D:10     | Found an ancient bone altar of Kikubaaqudgha.
 10681 | D:11     | Found a staircase to the Lair.
 11088 | D:11     | Noticed a deep troll earth mage
 11088 | D:11     | Noticed a frost giant
 11088 | D:11     | Noticed a flayed ghost
 11089 | D:11     | Found a runed translucent door.
 11091 | D:11     | Noticed a yaktaur captain
 11091 | D:11     | Reached **** piety under the Shining One
 11091 | D:11     | Noticed an ettin
 11091 | D:11     | Noticed an ice dragon
 11091 | D:11     | Identified the ring of Oxabosois {AC+4 Str+3 Int+2 Dex+4}
 11091 | D:11     | Noticed an orc warlord
 11091 | D:11     | Noticed a deep elf annihilator
 11166 | D:11     | Found a white marble altar of Elyvilon.
 11368 | D:11     | Found a shimmering altar of Xom.
 12014 | D:12     | Noticed a boulder beetle
 12049 | D:12     | Killed a boulder beetle
 12332 | D:12     | Noticed a deep elf pyromancer
 12345 | D:12     | Killed a deep elf pyromancer
 12346 | D:12     | Reached skill level 10 in Shields
 12346 | D:12     | Reached XP level 12. HP: 16/76 MP: 17/17
 12363 | D:12     | Acquired a scarf of resistance
 13045 | D:12     | Found a staircase to the Orcish Mines.
 13394 | D:13     | Noticed Urug
 13412 | D:13     | Killed Urug
 13544 | D:13     | Noticed a boulder beetle
 13580 | D:13     | Killed a boulder beetle
 13724 | D:13     | Noticed a two-headed ogre
 13732 | D:13     | Killed a two-headed ogre
 14339 | D:14     | Reached skill level 10 in Fighting
 14550 | D:14     | Noticed a centaur warrior
 14558 | D:14     | Killed a centaur warrior
 14563 | D:14     | Reached skill level 10 in Armour
 14658 | D:14     | Reached XP level 13. HP: 30/83 MP: 19/19
 14670 | D:14     | Reached skill level 11 in Shields
 14670 | D:14     | Found a gate to the Vaults.
 15329 | D:14     | Found Fasaopu's Blood Bar.
 15358 | D:14     | Identified the +1 robe of the Volcano {*Drain Dex+9 Stlth+}
 15563 | D:14     | Reached ***** piety under the Shining One
 15972 | D:14     | Noticed a tengu reaver
 15999 | D:14     | Killed a tengu reaver
 16309 | Lair:1   | Entered Level 1 of the Lair of Beasts
 17470 | Lair:2   | Reached skill level 12 in Shields
 17608 | Lair:2   | Found a staircase to the Shoals.
 17651 | Lair:2   | Gained mutation: Your large and strong wings let you fly
                  | indefinitely. [Gargoyle growth]
 17651 | Lair:2   | Reached XP level 14. HP: 64/90 MP: 21/21
 18394 | Lair:2   | Acquired the ring of Oclay {Will++ rCorr Int+4 Dex+4}
 19201 | Lair:3   | Reached skill level 10 in Invocations
 19429 | Lair:4   | Reached skill level 15 in Maces & Flails
 20146 | Lair:4   | Found a staircase to the Snake Pit.
 22109 | Lair:5   | Found a viscous altar of Jiyva.
 22109 | Lair:5   | Found a staircase to the Slime Pits.
 22494 | Lair:6   | Entered Level 6 of the Lair of Beasts
 22615 | Lair:6   | Reached skill level 13 in Shields
 22630 | Lair:6   | Reached XP level 15. HP: 80/97 MP: 23/23
 22849 | Lair:6   | Reached ****** piety under the Shining One
 24398 | Orc:1    | Entered Level 1 of the Orcish Mines
 24578 | Orc:1    | Found Okkeng's Antique Armour Shoppe.
 25093 | Orc:1    | Found a transporter.
 25247 | Orc:1    | Found a transporter.
 25247 | Orc:1    | Found a runed translucent door.
 25247 | Orc:1    | Found a bloodstained altar of Trog.
 25248 | Orc:1    | Found the +8 Wrath of Trog {antimagic, *Rage}
 25736 | Orc:1    | Noticed a deep elf elementalist
 26082 | Orc:1    | Identified the +5 chain mail of Tulips {Regen+}
 26082 | Orc:1    | Noticed a deep elf elementalist
 26125 | Orc:1    | Identified the +6 great sword of Faolokhowec {elec, SInv}
 26192 | Orc:1    | Killed a deep elf elementalist
 26209 | Orc:1    | Killed a deep elf elementalist
 26251 | Orc:1    | Reached skill level 14 in Shields
 26321 | Orc:2    | Entered Level 2 of the Orcish Mines
 26322 | Orc:2    | Found a staircase to the Elven Halls.
 26359 | Orc:2    | Found Goqet's Jewellery Shoppe.
 26625 | Orc:2    | Found an ancient bone altar of Kikubaaqudgha.
 26626 | Orc:2    | Noticed Nergalle
 26655 | Orc:2    | Killed Nergalle
 26656 | Orc:2    | Reached XP level 16. HP: 104/104 MP: 24/24
 26711 | Orc:2    | Found a radiant altar of Vehumet.
 26753 | Orc:2    | Found Faxeusch's Jewellery Boutique.
 26939 | Orc:2    | Found Goofrej's Magic Scroll Shop.
 26949 | Orc:2    | Found Dot Weem's Antique Armour Boutique.
 26982 | Orc:2    | Found Veugysac's Antique Armour Shop.
 26984 | Orc:2    | Bought a scroll of vulnerability for 105 gold pieces
 26984 | Orc:2    | Bought a scroll of identify for 28 gold pieces
 26984 | Orc:2    | Bought a scroll of enchant armour for 105 gold pieces
 26984 | Orc:2    | Bought a scroll of identify for 28 gold pieces
 26984 | Orc:2    | Bought a scroll of magic mapping for 49 gold pieces
 26984 | Orc:2    | Bought a scroll of blinking for 105 gold pieces
 26984 | Orc:2    | Bought a scroll of teleportation for 42 gold pieces
 26984 | Orc:2    | Bought a scroll of noise for 14 gold pieces
 26984 | Orc:2    | Bought a scroll of torment for 105 gold pieces
 27544 | Elf:1    | Entered Level 1 of the Elven Halls
 28151 | Elf:1    | Noticed Frances
 28167 | Elf:1    | Killed Frances
 28778 | Elf:2    | Reached skill level 5 in Dodging
 28866 | Elf:2    | Reached skill level 15 in Shields
 28995 | Elf:2    | Found a runed translucent gate.
 28995 | Elf:2    | Found a runed translucent gate.
 28996 | Elf:2    | Found a runed translucent gate.
 29500 | Elf:2    | Noticed a deep elf blademaster
 29526 | Elf:2    | Reached XP level 17. HP: 55/112 MP: 17/26
 29530 | Elf:2    | Killed a deep elf blademaster
 29985 | Elf:3    | Entered Level 3 of the Elven Halls
 30228 | Elf:3    | Identified the ring of Xom's Capriciousness {rF+ Will+
                  | Str-2 Int+3}
 30564 | Elf:3    | Noticed a deep elf blademaster
 30564 | Elf:3    | Noticed a deep elf master archer
 30567 | Elf:3    | Noticed a deep elf blademaster
 30568 | Elf:3    | Noticed an Ice Fiend
 30765 | Elf:3    | Noticed an Executioner
 30936 | Elf:3    | Noticed a deep elf blademaster
 30951 | Elf:3    | Noticed an Executioner
 30965 | Elf:3    | Killed a deep elf blademaster
 30966 | Elf:3    | Reached skill level 15 in Fighting
 30966 | Elf:3    | Reached skill level 16 in Shields
 30974 | Elf:3    | Killed a deep elf blademaster
 30978 | Elf:3    | Noticed a deep elf master archer
 30986 | Elf:3    | Noticed a Hell Sentinel
 30999 | Elf:3    | Killed a deep elf master archer
 31113 | Elf:3    | Noticed an Executioner
 31135 | Elf:3    | Noticed an Executioner
 31139 | Elf:3    | Noticed an Executioner
 31144 | Elf:3    | Noticed a Hell Sentinel
 31167 | Elf:3    | Noticed a Hell Sentinel
 31267 | Elf:3    | Noticed an Ice Fiend
 31269 | Elf:3    | Killed a deep elf master archer
 31278 | Elf:3    | Reached XP level 18. HP: 119/119 MP: 22/28
 31371 | Elf:3    | Identified the +3 plate armour "Bismoh" {rPois Will+ Str+3
                  | Int+2}
 31371 | Elf:3    | Noticed a deep elf blademaster
 31377 | Elf:3    | Identified the amulet of Wyzethi {Acrobat rC+ MP-9 SInv}
 31420 | Elf:3    | Killed a deep elf blademaster
 31429 | Elf:3    | Killed a deep elf blademaster
 31429 | Elf:3    | Killed a ghostly deep elf blademaster
 31770 | Elf:3    | Noticed a Hell Sentinel
 31789 | Elf:3    | Identified the +0 plate armour of the Enchanted Forest
                  | {rElec rF+ MP+9}
 32049 | Elf:3    | Identified the Collected Works on the Traveller
 32435 | Snake:1  | Entered Level 1 of the Snake Pit
 32798 | Snake:1  | Noticed Agnes
 32807 | Snake:1  | Killed Agnes
 32808 | Snake:1  | Reached skill level 17 in Shields
 33320 | Snake:1  | Found Geclikhy's Book Boutique.
 33322 | Snake:1  | Found Juciomay's Jewellery Emporium.
 33323 | Snake:1  | Found Venaas's Book Boutique.
 34550 | Snake:2  | Acquired the +0 pair of fencer's gloves {Riposte Dex+3}
 34551 | Snake:2  | Found the +0 pair of fencer's gloves {Riposte Dex+3}
 35048 | Snake:3  | Identified Roxanne's Volume of Transmutation
 35048 | Snake:3  | Noticed Roxanne
 35195 | Snake:3  | Killed Roxanne
 35488 | Snake:3  | Found a stormy altar of Qazlal.
 35531 | Snake:3  | Reached skill level 15 in Armour
 35874 | Snake:3  | Reached XP level 19. HP: 121/125 MP: 29/29
 36167 | Snake:4  | Entered Level 4 of the Snake Pit
 36221 | Snake:4  | Noticed Aizul
 36244 | Snake:4  | Killed Aizul
 37382 | Snake:4  | Reached skill level 18 in Shields
 37404 | Snake:4  | Found Leeddon's Assorted Antiques.
 37410 | Snake:4  | Bought a scroll of identify for 82 gold pieces
 37410 | Snake:4  | Bought a potion of heal wounds for 205 gold pieces
 38114 | Snake:4  | Got a serpentine rune of Zot
 38371 | Shoals:1 | Entered Level 1 of the Shoals
 38378 | Shoals:1 | Reached skill level 15 in Invocations
 40157 | Shoals:2 | Reached XP level 20. HP: 126/134 MP: 31/31
 40330 | Shoals:2 | Identified the amulet "Oquogg" {Faith *Slow rElec rPois
                  | Int+4}
 41592 | Shoals:4 | Entered Level 4 of the Shoals
 41798 | Shoals:4 | Reached skill level 19 in Shields
 41944 | Shoals:4 | Noticed Bai Suzhen
 42451 | Shoals:4 | Killed Bai Suzhen
 43280 | Shoals:4 | Got a barnacled rune of Zot
 43763 | Vaults:1 | Entered Level 1 of the Vaults
 43866 | Vaults:1 | Found Idghocw's Distillery.
 43874 | Vaults:1 | Bought a potion of curing for 48 gold pieces
 43874 | Vaults:1 | Bought a potion of might for 64 gold pieces
 43919 | Vaults:1 | Noticed Nikola
 43960 | Vaults:1 | HP: 4/136 [Nikola/chain lightning (5)]
 43960 | Vaults:1 | Killed from afar by Nikola

Illustrated notes

Levels and vault maps discovered:
D:1:      ldierk_walled_garden, layout_basic, minmay_tetromino_i4
D:2:      layout_loops_ring, serial_shops, nicolae_shop_behind_doors
D:3:      layout_rooms, gammafunk_ghost_arena
D:4:      layout_loops_corners
D:5:      layout_cave_pools
D:6:      gammafunk_cloud_chamber, layout_loops_corners,
          minmay_temple_entry_wispy, basic_altar,
          hangedman_abyss_or_decor_passed, minmay_quadrilaterals, uniq_eustachio
D:7:      layout_cave_pods, amcnicky_mini_corridor_feature
D:8:      layout_loops_ring, uniq_erica
D:9:      layout_loops_ring, nicolae_overflow_hidden_temple,
          kennysheep_generic_room_6
D:10:     layout_loops_cross, enter_trove_1,
          lemuel_mausoleum_altar_kikubaaqudgha, uniq_josephine, uniq_maurice,
          uniq_joseph, uniq_fannar
D:11:     minmay_gate_of_8, layout_layer_cave, erik_lair_island, basic_altar,
          elyvilon_altar_3
D:12:     layout_stronghold, orc_0_dummy, minivault_1, kennysheep_boxes
D:13:     layout_rooms, grunt_ministairs_3, minivault_27,
          minmay_misc_feat_hallway, uniq_urug
D:14:     nzn_winding_woodlands_three_and_one
          [nzn_winding_woodlands_5x15_longhouse,
          nzn_winding_woodlands_5x15_parted, nzn_winding_woodlands_5x15_zeroes,
          nzn_winding_woodlands_center_garden], layout_loops_corners,
          hangedman_vaults_entry_quadrant_bands, minmay_misc_feat_columns,
          guppyfry_shop_blood
Temple:   compressed_dpeg_circular_temple
Lair:1:   layout_regular_city
Lair:2:   layout_cave_pods, minmay_shoals_entry_centaurs
Lair:3:   layout_long_grid, infiniplex_staircase_pool, grunt_megastairs_5
Lair:4:   dragon1_lemuel, layout_small_grid, dummy_snake_entry,
          roderic_carrion_pond, minmay_lair_oklob_chamber
Lair:5:   beast_lair_carwin_large_2, layout_cave_pods,
          dpeg_slime_entry_enclosed_altar
Lair:6:   grunt_lair_end_beastmaster, layout_cave_pods,
          hangedman_lair_unloving_vines, serial_bayou_lake_a
Shoals:1: layout_shoals
Shoals:2: layout_shoals, nicolae_shoals_square_sea_wall
Shoals:3: cheibrodos_shoals_baths, layout_shoals
Shoals:4: shoals_end_grunt_ice, layout_shoals, uniq_bai_suzhen
Snake:1:  layout_layer_cave, nicolae_snake_springs, minmay_shop_grove,
          uniq_agnes
Snake:2:  layout_rooms
Snake:3:  layout_misc_corridors, basic_altar, st_stairs_11, uniq_roxanne
Snake:4:  snake_pit, layout_rooms, lemuel_fruit_tree, minmay_shop_star,
          uniq_aizul
Orc:1:    emtedronai_trogs_sanctum, layout_caves, serial_shops, shop_statue
Orc:2:    kennysheep_orc_mage_school, layout_caves, serial_shops, shop_statue
Elf:1:    eino_elf_arrival_customs, layout_loops_cross, serial_glass,
          glass_columns_b, glass_columns_b, kennysheep_underground_church,
          serial_sigils_hangedman_writhe, uniq_frances
Elf:2:    layout_gridlike
Elf:3:    minmay_elf_hall_circle, layout_gridlike, grunt_megastairs_2
Vaults:1: hangedman_vaults_hat, nicolae_vaults_little_ls,
          nicolae_vaults_ring_of_whatevers, v_misc_32,
          vaults_mumra_minichess_inversion, nicolae_vaults_back_hallway,
          ontoclasm_vaults_ring_large, hangedman_vaults_pinch, v_misc_14,
          vaults_standard_mumra_enter_the_diamond,
          ontoclasm_vaults_decontamination, layout_vaults_ring, serial_shops,
          nicolae_shop_temple_entry_statues_fountains, shop, shop, uniq_nikola

Skill      XL: |  1  2  3  4  5  6  7  8  9 10 11 12 13 14 15 16 17 18 19 20 |
---------------+-------------------------------------------------------------+-----
Shields        | 4 5 6 7 9 10 12 13 14 15 16 17 18 19 | 19.3
Maces & Flails | 3 5 6 9 10 12 13 14 15 16 17 | 17.4
Armour         | 4 5 6 7 8 9 10 11 12 13 14 15 16 | 16.3
Fighting       | 4 5 6 7 9 10 11 12 13 14 15 16 17 | 17.6
Dodging        | 1 2 3 4 5 |  5.7
Invocations    | 2 3 5 7 8 9 10 11 12 13 14 15 16 | 16.0
Evocations     | 1 2 |  2.1
Stealth        | |  0.8

Action                   |  1- 3 |  4- 6 |  7- 9 | 10-12 | 13-15 | 16-18 | 19-21 || total
-------------------------+-------+-------+-------+-------+-------+-------+-------++-------
Melee: Flail             |   120 |   183 |    16 |       |       |       |       ||   319
       Morningstar       |       |       |   275 |   730 |  1672 |  1288 |   786 ||  4751
Invok: Divine Shield     |       |       |       |     1 |       |     1 |     1 ||     3
       Cleansing Flame   |       |       |       |       |       |     6 |    14 ||    20
       Summon Divine War |       |       |       |       |       |     3 |     6 ||     9
 Abil: Fly               |       |       |       |       |     1 |       |       ||     1
Evoke: Wand              |       |       |     9 |    10 |     1 |    14 |     6 ||    40
       Tin of tremorston |       |       |       |       |       |       |     1 ||     1
  Use: Potion            |     1 |     1 |     3 |     4 |    10 |     5 |    11 ||    35
       Scroll            |     2 |     1 |     6 |     6 |     7 |    10 |    10 ||    42
Armor: Scale mail        |    66 |   117 |    50 |       |       |       |       ||   233
       Chain mail        |       |       |   242 |   413 |   867 |   450 |       ||  1972
       Plate armour      |       |       |       |       |       |   127 |   541 ||   668
Dodge: Dodged            |    30 |    63 |    92 |   137 |   335 |   210 |   214 ||  1081
Block: Kite shield       |    17 |       |       |       |       |       |       ||    17
       Tower shield      |    87 |   181 |   408 |   665 |  2010 |  1550 |  1384 ||  6285
       Reflection        |       |       |       |       |    10 |   122 |   168 ||   300
       Rpst.: Morningstar |       |       |       |       |       |     5 |    34 ||    39

Table legend: (Time is in decaauts)
 A = Elapsed time spent in this place.
 B = Non-inter-level travel time spent in this place.
 C = Inter-level travel time spent in this place.
 D = Time resting spent in this place.
 E = Time spent auto-exploring this place.
 F = Levels seen in this place.
 G = Mean time per level.
                   A        B        C        D        E       F      G
               +--------+--------+--------+--------+--------+-----+--------+
         Total |  44176 |  41828 |   2348 |   5308 |  27281 |  35 | 1262.2 |
       Dungeon |  17033 |  15996 |   1037 |   1187 |  11518 |  14 | 1216.6 |
        Temple |     75 |     63 |     12 |      0 |     57 |   1 |   75.0 |
          Lair |   8251 |   7787 |    464 |    820 |   5563 |   6 | 1375.2 |
        Shoals |   5102 |   4885 |    217 |    746 |   3279 |   4 | 1275.5 |
     Snake Pit |   5771 |   5552 |    219 |   1369 |   3234 |   4 | 1442.8 |
  Orcish Mines |   3141 |   3022 |    119 |    746 |   1420 |   2 | 1570.5 |
   Elven Halls |   4612 |   4335 |    277 |    439 |   2082 |   3 | 1537.3 |
        Vaults |    187 |    187 |      0 |      0 |    128 |   1 |  187.0 |
               +--------+--------+--------+--------+--------+-----+--------+

Top non-repeatable levels by time:
 Snake:3: 2120 daAuts
    D:12: 2086 daAuts
   Orc:1: 2049 daAuts
   Elf:3: 1985 daAuts
  Lair:4: 1974 daAuts
    D:14: 1953 daAuts
  Lair:6: 1727 daAuts
Shoals:3: 1588 daAuts
     D:4: 1585 daAuts
   Elf:2: 1559 daAuts
     D:6: 1523 daAuts
    D:11: 1427 daAuts
Shoals:4: 1417 daAuts
    D:10: 1256 daAuts
  Lair:1: 1244 daAuts
